 Dungeon Crawl Stone Soup version 0.30-a0-377-g5cb311bc9f (webtiles) character file.

Game seed: 17295162992087554685

18998 qeuew the Demolition Ant (level 13, -1/101 HPs)
             Began as a Formicid Fighter on Nov 28, 2022.
             Was an Elder of Makhleb.
             Slain by a naga
             ... wielding a +0 hand axe
              (10 damage)
             ... on level 2 of the Lair of Beasts.
             The game lasted 00:18:06 (13018 turns).

qeuew the Demolition Ant (Formicid Fighter)        Turns: 13018, Time: 00:18:07

Health: -1/101     AC:  8    Str: 36    XL:     13   Next: 1%
Magic:  30/30      EV: 13    Int:  8    God:    Makhleb [****..]
Gold:   746        SH:  8    Dex: 26    Spells: 12/12 levels left

rFire   . . .      SeeInvis +    k - +10 mace "Ynimpegy" {venom, Str+4}
rCold   + + .      Faith    +    c - +0 buckler
rNeg    . . .      Spirit   .    b - +0 scale mail
rPois   .          Reflect  .    (helmet unavailable)
rElec   +          Harm     +    a - scarf {harm}
rCorr   .          Rampage  .    (no gloves)
Will    +....                    (no boots)
Stlth   ++........               o - amulet of Ged Tiqyshu {Faith -Tele rC++ Str+3 Stlth+}
HPRegen 0.36/turn                t - +6 ring of dexterity
MPRegen 0.22/turn                s - ring of Igoclopput {MP+9 Str+6}

@: lethally poisoned (-1 -> -6), constricted
A: permanent stasis, dig shafts and tunnels, antennae 3, four strong arms,
hooves 1, agile 1, electricity resistance, strong 1
a: Dig, Shaft Self, Renounce Religion, Minor Destruction, Lesser Servant of
Makhleb, Major Destruction


You were on level 2 of the Lair of Beasts.
You worshipped Makhleb.
Makhleb was greatly pleased with you.
You visited 3 branches of the dungeon, and saw 12 of its levels.
You also visited: Sewer.

You collected 746 gold pieces.

Inventory:

Hand Weapons
 k - the +10 mace "Ynimpegy" (weapon) {venom, Str+4}
   (You found it on level 2 of the Dungeon)

   It poisons the flesh of those it strikes.
   Str:       It affects your strength (+4).
Armour
 a - a scarf of harm (worn)
 b - a +0 scale mail (worn)
 c - a +0 buckler (worn)
Jewellery
 o - the amulet of Ged Tiqyshu (around neck) {Faith -Tele rC++ Str+3 Stlth+}
   (You found it on level 5 of the Dungeon)

   [amulet of faith]

   It allows you to gain divine favour quickly.
   Str:       It affects your strength (+3).
   rC:        It greatly protects you from cold.
   -Tele:     It prevents most forms of teleportation.
   Stlth:     It makes you more stealthy.
 s - the ring of Igoclopput (right hand) {MP+9 Str+6}
   (You acquired it on level 8 of the Dungeon)

   [ring of magical power]

   Str:       It affects your strength (+6).
   MP:        It affects your magic capacity (+9).
 t - a +6 ring of dexterity (left hand)
Wands
 g - a wand of roots (12)
 m - a wand of mindburst (21)
 v - a wand of digging (1)
 x - a wand of quicksilver (5)
Scrolls
 f - a scroll of brand weapon
 h - 2 scrolls of silence
 j - 3 scrolls of amnesia
 l - 2 scrolls of fear
 p - a scroll of magic mapping
 r - a scroll of enchant weapon
Potions
 d - a potion of invisibility
 i - 2 potions of mutation
 n - 3 potions of curing
 q - a potion of ambrosia


   Skills:
 + Level 9.0 Fighting
 - Level 2.4(5.3) Axes
 + Level 7.4(7.6) Maces & Flails
 + Level 9.0 Armour
 + Level 6.8 Dodging
 + Level 10.7 Shields
 * Level 10.9 Invocations
 + Level 8.0 Evocations


You had 12 spell levels left.
You didn't know any spells.
Your spell library contained the following spells:

 Spells                   Type           Power      Damage    Failure   Level
 Beastly Appendage        Tmut           0%         N/A       63%         1
 Magic Dart               Conj           0%         1d3       63%         1
 Necrotise                Necr           0%         1d4       63%         1
 Sandblast                Erth           0%         2d4       63%         1
 Ensorcelled Hibernation  Hex/Ice        0%         N/A       77%         2
 Passwall                 Tmut/Erth      0%         N/A       77%         2
 Searing Ray              Conj           0%         2d4       77%         2
 Wereblood                Tmut           0%         N/A       77%         2
 Spider Form              Tmut/Pois      0%         N/A       94%         3
 Stone Arrow              Conj/Erth      0%         3d7       94%         3
 Vampiric Draining        Necr           0%         2d6       94%         3
 Fulminant Prism          Conj/Hex       0%         3d5       100%        4
 Agony                    Necr           0%         N/A       100%        5
 Swiftness                Air            Unusable   N/A       N/A         3

Dungeon Overview and Level Annotations

Branches:
Dungeon (9/15)             Temple (1/1) D:5            Lair (2/5) D:9
 Shoals (0/4) Lair:2          Orc (0/2) D:9           Sewer (visited)
  Snake: Lair:2-3    Spider: Lair:2-3

Altars:
Ashenzari
Cheibriados
Dithmenos
Elyvilon
Fedhas
Gozag
Hepliaklqana
Kikubaaqudgha
Makhleb
Nemelex Xobeh
Okawaru
Ru
Sif Muna
Trog
Uskayaw
Vehumet
Wu Jian
Xom
Yredelemnul
Zin
The Shining One

Shops:
D:5 *!?

Annotations:
D:8 2 transporters, MrSquiggles's ghost, novice MiMo


Innate Abilities, Weirdness & Mutations

You cannot be hasted, slowed, berserked, paralysed or teleported.
You can dig through walls and to a lower floor.
You have a pair of large antennae on your head. (SInv)
Your four strong arms can wield two-handed weapons with a shield.
You have large cloven feet.
You are agile. (Dex +4, Str/Int -1)
You are resistant to electric shocks. (rElec)
Your muscles are strong. (Str +4, Int/Dex -1)


Message History

Your kick misses the naga.
The naga is moderately wounded.
The naga hits you with a +0 hand axe! The naga constricts you.
You sock the naga!
The naga is severely wounded.
You block the naga's attack. The naga hits you with a +0 hand axe!
The naga constricts you.
You closely miss the naga. You kick the naga, but do no damage.
The naga is severely wounded.
The naga hits you with a +0 scimitar. The naga hits you with a +0 hand axe!
The naga constricts you. The naga closely misses you.
You are too injured to fight recklessly!
You are too injured to fight recklessly!
You are too injured to fight recklessly!
You are too injured to fight recklessly!
You are too injured to fight recklessly!
You are too injured to fight recklessly!
You are too injured to fight recklessly!
You are too injured to fight recklessly!
You are too injured to fight recklessly!
You are too injured to fight recklessly!
You are too injured to fight recklessly!
You are too injured to fight recklessly!
You are too injured to fight recklessly!
You are too injured to fight recklessly!
You are too injured to fight recklessly!
You are too injured to fight recklessly!
Unknown command.
You hit the naga but do no damage. You kick the naga, but do no damage.
The naga is severely wounded.
The naga hits you with a +0 scimitar!!
* * * LOW HITPOINT WARNING * * *
The naga spits poison at you. The splash of poison hits you.
You are poisoned.
* * * LOW HITPOINT WARNING * * *
The naga constricts you.
* * * LOW HITPOINT WARNING * * *
The naga hits you with a +0 hand axe!
You die...

.. P.+..?........#
....#.#......P....##
....#..............##
.............#....#.#
(...#...###+.#....###
..........>.......#
...P........###..# ##
##........# ##.####..
....##@##...#
#....... . #NNN##...#
#....... #.....#..##
#......Y #.N...##.#
#...... ..###..#..
#.....## #.. ..#.##
#..†††P# #.. ..#
#.....## #.. ..#
####.....#
.........##


You could see 4 nagas.

Vanquished Creatures
  Gastronok (Lair:1)
  Fannar (Lair:2)
  A boulder beetle (D:8)
  A catoblepas (D:8)
  A two-headed ogre (D:8)
  The ghost of qeuew the Trooper, a novice FoFi of Ashenzari (D:6)
  A cyclops (D:8)
  A manticore (D:8)
  Joseph (D:7)
  4 cane toads
  2 komodo dragons
  Maggie (D:6)
  2 rime drakes
  A hornet (D:9)
  4 blink frogs (Lair:1)
  2 wyverns
  18 yaks
  A wraith (D:9)
  3 steam dragons
  Eustachio (D:5)
  A vampire mosquito (D:8)
  Menkaure (D:6)
  An acid dragon (D:8)
  2 nagas (Lair:2)
  7 water moccasins
  2 ice beasts
  A sky beast (D:8)
  6 black bears
  5 orc warriors (D:9)
  10 wolves
  7 centaurs
  A phantom (D:6)
  A kobold brigand (D:8)
  8 bullfrogs
  2 scorpions
  A necrophage (D:8)
  6 wights
  3 howler monkeys
  4 electric eels (D:7)
  3 hounds
  A gnoll bouda (D:8)
  2 orc priests
  2 jellies
  5 iguanas
  Ijyb (D:4)
  Natasha (twice) (D:3)
  14 orc wizards
  Terence (D:2)
  5 adders
  3 river rats (Sewer)
  A shadow imp (D:8)
  2 white imps (D:5)
  An ufetubus (D:6)
  A worm (D:2)
  11 dart slugs
  33 orcs
  16 ball pythons
  4 bats
  5 endoplasms
  6 giant cockroaches
  4 goblins
  8 hobgoblins
  11 kobolds
  5 quokkas
  9 frilled lizards
  17 rats
290 creatures vanquished.

Vanquished Creatures (collateral kills)
  Sonja (Lair:2)
  A cane toad (Lair:2)
2 creatures vanquished.

Vanquished Creatures (others)
  2 dart slugs (D:7)
  An orc (D:7)
  6 fungi
  22 plants
31 creatures vanquished.

Grand Total: 323 creatures vanquished

Notes
Turn   | Place    | Note
-------+----------+-------------------------------------------
     0 | D:1      | qeuew the Formicid Fighter began the quest for the Orb.
     0 | D:1      | Reached XP level 1. HP: 18/18 MP: 1/1
   208 | D:1      | Reached XP level 2. HP: 24/24 MP: 2/2
   694 | D:2      | Reached XP level 3. HP: 16/29 MP: 3/3
   846 | D:2      | Noticed Terence
   851 | D:2      | Killed Terence
   852 | D:2      | Reached skill level 1 in Dodging
   931 | D:2      | Identified the +10 mace "Ynimpegy" {venom, Str+4}
  1033 | D:2      | Reached XP level 4. HP: 37/37 MP: 4/4
  1385 | D:2      | Gained mutation: You are resistant to electric shocks.
                  | (rElec) [potion of mutation]
  1385 | D:2      | Gained mutation: You have large cloven feet. [potion of
                  | mutation]
  1385 | D:2      | Gained mutation: Your muscles are strong. (Str +4, Int/Dex
                  | -1) [potion of mutation]
  1385 | D:2      | Gained mutation: You are agile. (Dex +4, Str/Int -1)
                  | [potion of mutation]
  1644 | D:3      | Reached XP level 5. HP: 33/42 MP: 5/5
  1820 | D:3      | Found a glowing drain.
  1831 | Sewer    | Entered a sewer
  1872 | Sewer    | Reached skill level 1 in Maces & Flails
  1939 | Sewer    | Reached skill level 5 in Shields
  1969 | Sewer    | Identified the +7 short sword of Rinaozaf {pain, Will++
                  | Str+4 Int-5}
  2080 | Sewer    | Noticed a bullfrog
  2080 | Sewer    | Noticed a bullfrog
  2088 | Sewer    | Killed a bullfrog
  2089 | Sewer    | Reached skill level 1 in Evocations
  2089 | Sewer    | Reached XP level 6. HP: 26/48 MP: 6/6
  2463 | D:3      | Noticed Natasha
  2468 | D:3      | Killed Natasha
  2500 | D:3      | Noticed Natasha
  2506 | D:3      | Killed Natasha
  2539 | D:3      | Reached XP level 7. HP: 55/55 MP: 7/7
  3200 | D:4      | Identified the +7 spear "Tankeylo" {spect, +Blink rElec
                  | rF++ Int+2}
  3577 | D:4      | Noticed Ijyb
  3582 | D:4      | Killed Ijyb
  3738 | D:5      | Entered Level 5 of the Dungeon
  3738 | D:5      | Found Wetz's Magic Scroll Shop.
  3910 | D:5      | Found Makur's Distillery.
  3915 | D:5      | Identified the amulet of Ged Tiqyshu {Faith -Tele rC++
                  | Str+3 Stlth+}
  3925 | D:5      | Noticed Eustachio
  3926 | D:5      | Found Sehueqy's General Store.
  3931 | D:5      | Killed Eustachio
  3932 | D:5      | Reached skill level 5 in Fighting
  3932 | D:5      | Reached skill level 5 in Armour
  3932 | D:5      | Reached XP level 8. HP: 52/62 MP: 8/8
  4245 | D:5      | Noticed a wyvern
  4247 | D:5      | Found a staircase to the Ecumenical Temple.
  4253 | D:5      | Killed a wyvern
  4264 | Temple   | Entered the Ecumenical Temple
  4457 | Temple   | Became a worshipper of Makhleb the Destroyer
  4628 | D:5      | Reached skill level 1 in Invocations
  4796 | D:6      | Reached XP level 9. HP: 68/68 MP: 10/10
  4820 | D:6      | Noticed Menkaure
  4824 | D:6      | Noticed Maggie
  4827 | D:6      | Killed Menkaure
  4835 | D:6      | Killed Maggie
  5055 | D:6      | Reached * piety under Makhleb
  5268 | D:6      | Found a sparkling altar of Nemelex Xobeh.
  5269 | D:6      | Found an ancient bone altar of Kikubaaqudgha.
  5342 | D:6      | Found a runed translucent gate.
  5342 | D:6      | Found a runed translucent gate.
  5342 | D:6      | Found a runed translucent gate.
  5343 | D:6      | Noticed qeuew's ghost (novice FoFi)
  5522 | D:6      | Killed qeuew's ghost
  5580 | D:6      | Identified a scroll of acquirement
  5839 | D:7      | Reached XP level 10. HP: 41/77 MP: 13/13
  5967 | D:6      | Reached skill level 5 in Invocations
  6127 | D:7      | Reached skill level 5 in Evocations
  6134 | D:7      | Noticed Joseph
  6247 | D:7      | Killed Joseph
  6418 | D:7      | Reached ** piety under Makhleb
  6628 | D:7      | Found a glowing silver altar of Zin.
  6650 | D:7      | Reached skill level 5 in Maces & Flails
  6776 | D:7      | Found an opulent altar of Gozag.
  6837 | D:7      | Found a glowing golden altar of the Shining One.
  7135 | D:8      | Noticed a two-headed ogre
  7142 | D:8      | Killed a two-headed ogre
  7143 | D:8      | Reached skill level 5 in Dodging
  7330 | D:8      | Found an ornate altar of the Wu Jian Council.
  7382 | D:8      | Noticed a catoblepas
  7521 | D:8      | Killed a catoblepas
  7522 | D:8      | Reached XP level 11. HP: 33/84 MP: 16/16
  7868 | D:8      | Noticed a boulder beetle
  7882 | D:8      | Killed a boulder beetle
  8040 | D:8      | Noticed a manticore
  8040 | D:8      | Noticed a cyclops
  8044 | D:8      | Killed a manticore
  8048 | D:8      | Killed a cyclops
  8172 | D:8      | Found a transporter.
  8179 | D:8      | Found an iron altar of Okawaru.
  8420 | D:8      | Found a transporter.
  8421 | D:8      | Noticed a moth of wrath
  8424 | D:8      | Noticed MrSquiggles's ghost (novice MiMo)
  8511 | D:8      | Reached *** piety under Makhleb
  8569 | D:8      | Acquired the ring of Igoclopput {MP+9 Str+6}
  9159 | D:9      | Found a basalt altar of Yredelemnul.
  9552 | D:9      | Found a staircase to the Orcish Mines.
  9613 | D:9      | Found a broken altar of Ashenzari.
  9814 | D:9      | Found a staircase to the Lair.
  9831 | D:9      | Identified the +3 dagger "Yhiro" {pain, +Blink}
 10076 | Lair:1   | Entered Level 1 of the Lair of Beasts
 10122 | Lair:1   | Noticed Gastronok
 10137 | Lair:1   | Killed Gastronok
 10138 | Lair:1   | Reached XP level 12. HP: 34/93 MP: 19/19
 10480 | Lair:1   | Reached skill level 10 in Shields
 10480 | Lair:1   | Reached **** piety under Makhleb
 11144 | Lair:1   | Reached skill level 10 in Invocations
 12257 | Lair:2   | Found a staircase to the Shoals.
 12576 | Lair:2   | Noticed Sonja
 12584 | Lair:2   | Killed Sonja
 12595 | Lair:2   | Noticed Fannar
 12604 | Lair:2   | Killed Fannar
 13009 | Lair:2   | Reached XP level 13. HP: 100/100 MP: 21/21
 13018 | Lair:2   | Slain by a naga

Illustrated notes

Levels and vault maps discovered:
D:1:      dpeg_arrival_rooms_a, layout_basic
D:2:      layout_loops_cross, minmay_fractal_squares_gapless_5, uniq_terence
D:3:      layout_basic, gup_sewer_entry_pipe, minmay_stone_trees_small,
          minmay_statues_item, uniq_natasha
D:4:      layout_loops_cross, uniq_ijyb
D:5:      layout_basic, minmay_temple_entry_antechambers, serial_shops, shop,
          nicolae_stop_n_shop_1, nicolae_stop_n_shop_1, uniq_eustachio
D:6:      layout_loops_ring, mainiacjoe_overflow_divided_tiny,
          ebering_ghost_rock_garden, uniq_maggie, uniq_menkaure
D:7:      kennysheep_slugbush, layout_cave_pools,
          pdpol_temple_overflow_zin_treasury_gozag_greed, tso_altar,
          nicolae_fountain_basement, uniq_joseph
D:8:      minmay_the_grid_octo_triangle [minmay_the_grid_octo_thin_diamonds,
          minmay_the_grid_octo_prize_single_spiral,
          minmay_the_grid_octo_tetromino_candy], layout_loops_ring,
          mainiacjoe_overflow_concentric_impassable, okawaru_metal_pillars_1_2,
          gammafunk_ghost_berserking_beasts
D:9:      layout_loops_cross, kennysheep_mini, kennysheep_little_box,
          david_lair_shrubbed, david_orc_4
Temple:   nicolae_temple_godzebo
Lair:1:   layout_layer_cave, beast_lair_carwin_9, grunt_megastairs_2,
          uniq_gastronok
Lair:2:   layout_chaotic_city, minmay_shoals_entry_centaurs,
          minmay_snake_entry_guardpost_medium, grunt_megastairs_3, uniq_sonja,
          uniq_fannar

Skill      XL: |  1  2  3  4  5  6  7  8  9 10 11 12 13 |
---------------+----------------------------------------+-----
Dodging        | 1 2 3 4 5 6 |  6.8
Armour         | 4 5 6 7 8 9 |  9.0
Maces & Flails | 1 2 3 4 5 6 7 |  7.4
Fighting       | 4 5 6 7 8 9 |  9.0
Shields        | 5 6 7 8 9 10 | 10.7
Evocations     | 1 3 4 6 7 8 |  8.0
Invocations    | 1 4 7 9 10 | 10.9
Axes           | |  2.4

Action                   |  1- 3 |  4- 6 |  7- 9 | 10-12 | 13-15 || total
-------------------------+-------+-------+-------+-------+-------++-------
Melee: War axe           |    53 |       |       |       |       ||    53
       Mace              |     1 |   118 |   146 |   360 |     7 ||   632
       Kick              |       |    11 |    35 |   127 |     3 ||   176
Invok: Minor Destruction |       |       |       |    12 |       ||    12
       Lesser Servant of |       |       |       |     2 |       ||     2
       Major Destruction |       |       |       |     1 |       ||     1
 Abil: Dig               |       |       |       |     3 |       ||     3
  Use: Scroll            |     1 |     8 |     9 |     4 |       ||    22
       Potion            |     1 |     2 |     3 |     7 |       ||    13
 Stab: Sleeping          |       |       |     1 |     1 |       ||     2
       Distracted        |       |       |       |     2 |       ||     2
       Invisible         |       |       |       |     1 |       ||     1
Armor: Scale mail        |    30 |    52 |    46 |    96 |       ||   224
Dodge: Dodged            |    25 |    92 |    67 |   285 |     3 ||   472
Block: Buckler           |    18 |    59 |    48 |   184 |     2 ||   311

Table legend: (Time is in decaauts)
 A = Elapsed time spent in this place.
 B = Non-inter-level travel time spent in this place.
 C = Inter-level travel time spent in this place.
 D = Time resting spent in this place.
 E = Time spent auto-exploring this place.
 F = Levels seen in this place.
 G = Mean time per level.
                   A        B        C        D        E       F      G
               +--------+--------+--------+--------+--------+-----+--------+
         Total |  13232 |  12668 |    564 |    639 |   9930 |  13 | 1017.8 |
       Dungeon |   9609 |   9129 |    480 |    518 |   7006 |   9 | 1067.7 |
        Temple |    222 |    194 |     28 |      0 |    167 |   1 |  222.0 |
          Lair |   2952 |   2896 |     56 |    121 |   2456 |   2 | 1476.0 |
         Sewer |    447 |    447 |      0 |      0 |    301 |   1 |  447.0 |
               +--------+--------+--------+--------+--------+-----+--------+

Top non-repeatable levels by time:
  Lair:1: 2053 daAuts
     D:8: 1612 daAuts
     D:9: 1474 daAuts
     D:6: 1368 daAuts
     D:3: 1114 daAuts
     D:2: 945 daAuts
     D:7: 906 daAuts
  Lair:2: 899 daAuts
     D:5: 839 daAuts
     D:4: 745 daAuts
     D:1: 603 daAuts
   Sewer: 447 daAuts
  Temple: 222 daAuts
